 Dungeon Crawl Stone Soup version 0.31-a0-532-g28f74ba3e5 (webtiles) character file.

Game seed: 3493746196089417531

108726 MackTheKnife the Warrior (level 16, -8/188 HPs)
             Began as a Yellow Draconian Shapeshifter on Aug 12, 2023.
             Was the Champion of Fedhas.
             Killed from afar by a deep elf knight (34 damage)
             ... with a shard of ice
             ... on level 2 of the Orcish Mines.
             The game lasted 00:38:25 (22115 turns).

MackTheKnife the Warrior (DrSh)                    Turns: 22115, Time: 00:38:25

Health: -8/188     AC: 11    Str: 24    XL:     16   Next: 3%
Magic:  21/21      EV: 21    Int: 12    God:    Fedhas [******]
Gold:   2420       SH:  0    Dex: 24    Spells: 15/15 levels left

rFire   . .          .
                       - Unarmed
rCold   + . .        (shield currently unavailable)
rNeg    + . .        (body armour unavailable)
rPois   +            (helmet currently unavailable)
rElec   +            B - melded +2 cloak
rCorr   .            D - melded +1 pair of gloves
SInv    .            j - melded +2 pair of boots {rampage}
Will    +....        h - amulet of regeneration {@e2}
Stlth   ++           d - ring of Ofaurioc {rElec rPois rN+ Slay+3}
HPRegen 1.31/turn    k - ring "Pyreos" {rC+ Int+3 Dex+6}
MPRegen 0.17/turn

%: no passive effects
@: snake-form, engulfed (cannot breathe)
A: constrict, boosted hp, (spit acid), AC +9, large, unfitting armour, (acidic
bite), (cold-blooded), (acid resistance)
a: Begin Untransformation, Renounce Religion, Wall of Briars, Grow
Ballistomycete, Overgrow, Grow Oklob


You were on level 2 of the Orcish Mines.
You worshipped Fedhas.
Fedhas was exalted by your worship.
You were an enormous anaconda.
You visited 5 branches of the dungeon, and saw 24 of its levels.
You also visited: Bailey.

You collected 3493 gold pieces.
You spent 1073 gold pieces at shops.


Innate Abilities, Weirdness & Mutations

You are an enormous anaconda.
You have a powerful constriction melee attack.
Your maximum health is increased.
Your armour is entirely melded.
You are incapable of wielding weapons or throwing items.
((You can spit globs of acid.))
((Your golden yellow scales are hard. (AC +9)))
You cannot fit into any form of body armour.
((You have acidic saliva.))
((You are cold-blooded and may be slowed by cold attacks.))
((You are resistant to acid. (rCorr)))


   Skills:
 - Level 18.1 Fighting
 - Level 14.0 Dodging
 - Level 14.0 Unarmed Combat
 + Level 7.7 Invocations
 + Level 13.0 Shapeshifting


You had 15 spell levels left.
You didn't know any spells.
Your spell library contained the following spells:

 Spells                   Type           Power      Damage    Failure   Level
 Foxfire                  Conj/Fire      0%         2x1d4     32%         1
 Freeze                   Ice            0%         1d3       32%         1
 Sandblast                Erth           0%         2d4       32%         1
 Sting                    Tmut/Pois      0%         1d3       32%         1
 Ensorcelled Hibernation  Hex/Ice        0%         N/A       45%         2
 Passwall                 Tmut/Erth      0%         N/A       45%         2
 Poisonous Vapours        Pois/Air       0%         N/A       45%         2
 Sublimation of Blood     Necr           0%         N/A       45%         2
 Wereblood                Tmut           0%         N/A       45%         2
 Ignite Poison            Fire/Tmut/Pois 0%         N/A       69%         3
 Inner Flame              Hex/Fire       0%         N/A       69%         3
 Portal Projectile        Hex/Tloc       0%         N/A       69%         3
 Stone Arrow              Conj/Erth      0%         3d7       69%         3
 Tukima's Dance           Hex            0%         N/A       69%         3
 Volatile Blastmotes      Fire/Tloc      0%         2d10      69%         3
 Anguish                  Hex/Necr       0%         N/A       97%         4
 Animate Dead             Necr           0%         N/A       97%         4
 Fulminant Prism          Conj/Hex       0%         3d5       97%         4
 Iskenderun's Mystic Bla  Conj/Tloc      0%         2d3       97%         4
 Olgreb's Toxic Radiance  Pois           0%         N/A       97%         4
 Sticky Flame             Conj/Fire      0%         2d3       97%         4
 Summon Ice Beast         Ice/Summ       0%         N/A       97%         4
 Arcjolt                  Conj/Air       0%         1d10      100%        5
 Irradiate                Conj/Tmut      0%         3d11      100%        5
 Summon Forest            Summ/Tloc      0%         N/A       100%        5
 Yara's Violent Unravell  Hex/Tmut       0%         3d3       100%        5
 Conjure Ball Lightning   Conj/Air       0%         3x3d6     100%        6
 Enfeeble                 Hex            0%         N/A       100%        7
 Haunt                    Necr/Summ      0%         N/A       100%        7
 Monstrous Menagerie      Summ           0%         N/A       100%        7
 Summon Hydra             Summ           0%         N/A       100%        7
 Discord                  Hex            0%         N/A       100%        8
 Disjunction              Tloc           0%         N/A       100%        8
 Ignition                 Fire           0%         3d3       100%        8
 Infestation              Necr           0%         N/A       100%        8
 Lehudib's Crystal Spear  Conj/Erth      0%         10d2      100%        8
 Fire Storm               Conj/Fire      0%         5d1       100%        9
 Animate Armour           Summ/Erth      Unusable   N/A       N/A         4

Inventory:

Missiles
 p - 26 poisoned darts (quivered) {throwing}
 s - 5 throwing nets {=f!fthrowing}
Armour
 j - a +2 pair of boots of rampaging (melded)
   (You bought it in a shop on level 2 of the Orcish Mines)
 B - a +2 cloak (melded)
   (You found it on level 8 of the Dungeon)
 D - a +1 pair of gloves (melded)
   (You found it on level 9 of the Dungeon)
Jewellery
 d - the ring of Ofaurioc (left hand) {rElec rPois rN+ Slay+3}
   (You found it on level 2 of the Lair of Beasts)

   [ring of positive energy]

   Slay+3:    It affects your accuracy & damage with ranged weapons and melee
   (+3).
   rElec:     It insulates you from electricity.
   rPois:     It protects you from poison rN+: It protects you from negative
   energy.
 h - an amulet of regeneration (around neck) {@e2}
   (You found it on level 2 of the Dungeon)
 k - the ring "Pyreos" (right hand) {rC+ Int+3 Dex+6}
   (You found it on level 14 of the Dungeon)

   [ring of dexterity]

   Int+3:     It affects your intelligence (+3).
   Dex+6:     It affects your dexterity (+6).
   rC+:       It protects you from cold.
 v - a ring of fire
   (You found it on level 7 of the Dungeon)
Talismans
 b - a beast talisman
 c - a flux talisman
 m - a maw talisman
   (You found it on level 3 of the Dungeon)
 y - a serpent talisman (active)
   (You bought it in a shop on level 10 of the Dungeon)
 F - a blade talisman
   (You found it on level 1 of the Lair of Beasts)
Wands
 g - a wand of iceblast (5)
   (You found it on level 13 of the Dungeon)
 l - a wand of flame (28)
   (You took it off an orc on level 9 of the Dungeon)
 q - a wand of polymorph (14)
   (You found it on level 3 of the Dungeon)
 x - a wand of digging (5)
   (You found it on level 7 of the Dungeon)
 H - a wand of acid (5)
   (You found it on level 3 of the Lair of Beasts)
 I - a wand of mindburst (6)
   (You found it on level 3 of the Lair of Beasts)
 P - a wand of paralysis (5)
   (You found it on level 12 of the Dungeon)
Scrolls
 e - 5 scrolls of vulnerability {!r!r}
 n - 3 scrolls of torment {!r}
 t - 2 scrolls of enchant weapon
 L - 2 scrolls of enchant armour
 M - 2 scrolls of fog
 N - a scroll of immolation {!r!r}
 O - 3 scrolls of identify {@r1}
Potions
 f - 3 potions of enlightenment
 i - 3 potions of heal wounds {@q2}
 o - 3 potions of might
 u - 6 potions of brilliance
 w - 4 potions of resistance
 z - 4 potions of attraction {!q}
 A - 2 potions of mutation {!q}
 G - 3 potions of invisibility
 J - a potion of lignification {!q}
 R - a potion of curing {@q1}
Miscellaneous
 a - a tin of tremorstones (2/2) {throwing}
   (You found it on level 14 of the Dungeon)
 r - a box of beasts
   (You found it on level 13 of the Dungeon)
 C - a phial of floods
   (You found it on level 2 of the Lair of Beasts)
 K - a lightning rod (4/4)
   (You found it on level 5 of the Lair of Beasts)

Dungeon Overview and Level Annotations

Branches:
Dungeon (15/15) Zot: 26275  Temple (1/1) D:6 Zot: 5989    Lair (5/5) D:8 Zot: 22744
 Shoals (0/4) Lair:3       Spider (0/4) Lair:3        Slime (0/5) Lair:5
    Orc (2/2) D:9 Zot: 10281     Elf (1/3) Orc:2 Zot: 5981  Vaults (0/5) D:13
 Depths (0/4) D:15         Bailey (visited)

Altars:
Ashenzari
Cheibriados
Dithmenos
Elyvilon
Fedhas
Gozag
Hepliaklqana
Kikubaaqudgha
Makhleb
Nemelex Xobeh
Okawaru
Qazlal
Ru
Sif Muna
Trog
Uskayaw
Vehumet
Wu Jian
Xom
Yredelemnul
Zin
The Shining One

Shops:
D:1 :   D:9 (   D:10 =   Orc:2 *[(:

Annotations:
D:2 1 runed translucent door, Crazy Yiuf
D:6 2 transporters
Lair:1 3 runed translucent doors, bmj180's ghost, journeyman HuCj
Lair:5 1 runed translucent door

...#.########.........#####[.....
#.....## ##...........##..[.#...
#......####...#.....#...##.......
##.#....##...##.....##...##...[..
##......#...###8...8###...#......
#....#..#∩.####.....####.∩#[.....
.#....#.####..#...[.#..####..<[..
..#..........#.#{..........#.....
........#.#.###.SE)[.#..#..[.....
.........##..#..)#...............
...#.)..##....#.#...)[.[....##...
.......#.....#...#.[[[......#....
...........####.##...............
..#......### ####..............#
........)## ##.#............
..#.......# ##.........#...
.#.....#..#### ####..........##.


You could see a water elemental.


Message History

The deep elf pyromancer blinks!
The water elemental completely misses you.
The deep elf archer casts a spell at you.
You are confused.
The fire elemental misses you.
There is a staircase back to the Mines, spattered with blood here. 😕 HP[-10]
You take 10 damage, and now have 178/188 hp.
Unknown command.
Unknown command.
The water elemental barely misses you.
The fire elemental completely misses you.
The deep elf archer shoots an arrow.
The arrow hits you! The arrow freezes you.
In your confused state, you trip and fall back down the stairs.
The fire elemental hits you. The fire elemental burns you!
The water elemental closely misses you.
The deep elf archer shoots an arrow.
The arrow closely misses you. Something hits you.
Deactivating autopickup; reactivate with Ctrl-A. 😕 HP[-34]
You take 34 damage, and now have 144/188 hp.
Unknown command.
Unknown command.
The fire elemental hits you. The fire elemental burns you!
The water elemental closely misses you.
The deep elf archer shoots an arrow.
The arrow hits you! Something hits you! The fire elemental misses you.
In your confused state, you trip and fall back down the stairs.
The water elemental hits you.
The water elemental engulfs you in water!
The fire elemental hits you. The fire elemental burns you!
Something hits you but does no damage. 😮 HP[-41]
You take 41 damage, and now have 103/188 hp.
MASSIVE DAMAGE!! (PAUSE)
Your lungs strain for air!
The fire elemental hits you. The fire elemental burns you!
* * * LOW HITPOINT WARNING * * *
The water elemental hits you!
* * * LOW HITPOINT WARNING * * *
The deep elf zephyrmancer gestures at you while chanting.
The bolt of lightning misses you.
The deep elf archer casts a spell at you.
You resist with some effort. Something completely misses you.
You hear a shout! x5
In your confused state, you trip and fall back down the stairs.
* * * LOW HITPOINT WARNING * * *
x2 Your lungs strain for air!
You feel less confused.
The fire elemental completely misses you.
The water elemental completely misses you.
Something hits you!
* * * LOW HITPOINT WARNING * * *
The fire elemental misses you.
Unknown command. 😨 HP[-43]
You take 43 damage, and now have 60/188 hp.
MASSIVE DAMAGE!! (PAUSE)
* * * LOW HITPOINT WARNING * * *
Your lungs strain for air!
The deep elf pyromancer gestures at you while chanting.
The sticky flame hits you.
* * * LOW HITPOINT WARNING * * *
The water elemental completely misses you.
The deep elf archer shoots an arrow.
The arrow hits you!
* * * LOW HITPOINT WARNING * * *
The arrow freezes you.
* * * LOW HITPOINT WARNING * * *
The fire elemental hits you. The fire elemental burns you!
* * * LOW HITPOINT WARNING * * *
You hear some strange, mumbled words.
You climb upwards.
Welcome back to the Orcish Mines!
The water engulfing you falls away.
You gasp with relief as air once again reaches your lungs.
Reactivating autopickup.
There is a staircase to the Elven Halls here.
Unknown command. 😱 HP[-32]
You take 32 damage, and now have 28/188 hp.
Okay, then.
Unknown command.
Unknown command.
Unknown command.
Deactivating autopickup; reactivate with Ctrl-A.
You body-slam something!!
The water elemental completely misses you.
You hear some strange, mumbled words.
A shard of ice appears from out of thin air!
The shard of ice misses you. 😱 HP[+1]
You completely miss something. Something hits you.
* * * LOW HITPOINT WARNING * * *
The water elemental hits you.
The water elemental engulfs you in water!
You body-slam something!!
* * * LOW HITPOINT WARNING * * *
Your lungs strain for air!
You hear some strange, mumbled words.
A shard of ice appears from out of thin air!
The shard of ice hits you!! You partially resist.
You die...
Fedhas appreciates your contribution to the ecosystem.

Skill      XL: |  1  2  3  4  5  6  7  8  9 10 11 12 13 14 15 |
---------------+----------------------------------------------+-----
Fighting       | 2 3 4 5 6 7 14 18 | 18.1
Unarmed Combat | 4 5 6 8 10 12 14 | 14.0
Dodging        | 5 6 7 12 14 | 14.0
Invocations    | 6 7 |  7.7
Shapeshifting  | 4 8 10 13 | 13.0

Action                     |  1- 3 |  4- 6 |  7- 9 | 10-12 | 13-15 | 16-18 || total
---------------------------+-------+-------+-------+-------+-------+-------++-------
  Melee: Unarmed           |    83 |   131 |   156 |   657 |  1495 |    11 ||  2533
         Tailslap          |     9 |    16 |    25 |   129 |   277 |       ||   456
         Punch             |       |     2 |    10 |    19 |       |       ||    31
         Bite              |       |       |       |       |   140 |       ||   140
         Constrict         |       |       |       |       |    62 |     3 ||    65
  Throw: Dart              |       |       |     3 |     6 |       |       ||     9
 Invoke: Wall of Briars    |       |       |       |     1 |     1 |       ||     2
         Grow Ballistomyce |       |       |       |     1 |     1 |       ||     2
         Grow Oklob        |       |       |       |       |     4 |       ||     4
Ability: Breathe Acid      |       |       |     6 |    19 |    16 |       ||    41
  Evoke: Wand              |       |     1 |     7 |    11 |    12 |       ||    31
         Phial of floods   |       |       |       |       |     1 |       ||     1
    Use: Scroll            |     1 |       |     6 |     6 |    21 |       ||    34
         Potion            |       |       |     1 |     3 |     4 |       ||     8
   Stab: Sleeping          |     1 |     3 |       |     2 |     1 |       ||     7
         Distracted        |     1 |       |       |       |     2 |       ||     3
 Armour: Skin              |    14 |    26 |    36 |   200 |   681 |     9 ||   966
  Dodge: Dodged            |    41 |    84 |    99 |   437 |  1456 |    21 ||  2138
   Form: Flux              |       |       |       |     2 |       |       ||     2
         Blade             |       |       |       |     1 |       |       ||     1
         Anaconda          |       |       |       |       |     1 |       ||     1

Levels and vault maps discovered:
D:1:      minmay_arrival_shoal_huts, layout_loops_corners, serial_shops, shop
D:2:      layout_rooms, minmay_between, uniq_natasha, uniq_crazy_yiuf_cottage
D:3:      cheibrodos_fertilizer, layout_loops_ring, minmay_misc_feat_square
D:4:      layout_basic, nicolae_hepliaklqana_monster_ancestors,
          evilmike_ruin_ashenzari
D:5:      layout_loops_ring, xom_redecorated, saegor_snake_ambush,
          uniq_eustachio
D:6:      gammafunk_cloud_chamber, layout_gridville, temple_doors_e, uniq_pikel,
          uniq_duvessa, uniq_blork_the_orc
D:7:      layout_loops_ring, chequers_decorated_corner,
          chequers_serial_rivers_micro_d,
          nicolae_concentric_dashed_squares_wild, uniq_prince_ribbit1
D:8:      layout_basic, lemuel_crystal_altar, david_lair_generic, uniq_maurice
D:9:      layout_rooms, mainiacjoe_overflow_paths,
          gammafunk_temple_overflow_wave, hiddenorc2_lemuel, enter_bailey_7,
          serial_shops, shop, chequers_arboretum
D:10:     layout_gridville, serial_shops, nicolae_shop_advertising_works
          [nicolae_subvault_shop_adworks], uniq_psyche
D:11:     layout_irregular_city
D:12:     layout_loops_ring, uniq_lodul, uniq_josephine, uniq_jorgrun
D:13:     layout_rooms, erik_vaults_1, billiards_dpeg
D:14:     minmay_strange_plus, layout_stronghold,
          nicolae_ru_sacrificial_ziggurat
D:15:     grunt_enter_depths_giant_problem, layout_basic,
          nemelex_diamond_rough_becter
Temple:   hellmonk_temple_two_chambers
Lair:1:   layout_cellular_growth, maelrawn_ghost_gauntlet_escape
Lair:2:   nzn_winding_woodlands_large [nzn_winding_woodlands_5x5_perimeter,
          nzn_winding_woodlands_5x15_jagged, nzn_winding_woodlands_5x5_cross,
          nzn_winding_woodlands_center_triple_pond,
          nzn_winding_woodlands_15x15_thick_spiral,
          nzn_winding_woodlands_center_pierced_h,
          nzn_winding_woodlands_5x5_open_star, nzn_winding_woodlands_5x15_cabin,
          nzn_winding_woodlands_5x5_closed_star], layout_cave_pods,
          lemuel_fruit_fields, uniq_harold
Lair:3:   lemuel_reptile_caves, layout_cave_pods, nicolae_shoals_entry_roost,
          spider_nest_entry_funnel_web, uniq_urug
Lair:4:   onia_ninara_swampy_vault, layout_cave_pods, lemuel_fruit_fields
Lair:5:   grunt_lair_end_beastmaster, layout_misc_corridors, slime_entry_2,
          grunt_megastairs_5
Orc:1:    layout_diamond_mine
Orc:2:    grunt_orc_cross, layout_caves, nicolae_orc_damp_corner, uniq_sonja
Elf:1:    minmay_elf_arrival_summoners, layout_loops_cross, orc_legates,
          palyth_stone_intersect, uniq_agnes

Notes
Turn   | Place    | Note
-------+----------+-------------------------------------------
     0 | D:1      | MackTheKnife the Draconian Shapeshifter began the quest for
                  | the Orb.
     0 | D:1      | Reached XP level 1. HP: 16/16 MP: 1/1
     0 | D:1      | magus.rc [v1.9.6]
   120 | D:1      | Reached XP level 2. HP: 23/24 MP: 2/2
   185 | D:1      | Reached skill level 2 in Fighting
   439 | D:1      | Found Noac's Book Shop.
   613 | D:1      | Reached XP level 3. HP: 30/30 MP: 3/3
   918 | D:2      | Found a runed translucent door.
   919 | D:2      | Noticed Crazy Yiuf
  1153 | D:2      | Reached skill level 3 in Fighting
  1186 | D:2      | Noticed Natasha
  1197 | D:2      | Killed Natasha
  1198 | D:2      | Reached skill level 4 in Unarmed Combat
  1198 | D:2      | Reached XP level 4. HP: 38/38 MP: 4/4
  1227 | D:2      | Noticed Natasha
  1233 | D:2      | Killed Natasha
  1275 | D:2      | Noticed Natasha
  1283 | D:2      | Killed Natasha
  1284 | D:2      | Reached XP level 5. HP: 28/46 MP: 5/5
  1998 | D:3      | You pick up a book of Chaos and begin reading...
  1998 | D:3      | You add the spells Conjure Ball Lightning, Disjunction and
                  | Discord to your library.
  2030 | D:3      | Reached skill level 4 in Fighting
  2669 | D:4      | Reached skill level 5 in Unarmed Combat
  2763 | D:4      | Found a broken altar of Ashenzari.
  2796 | D:4      | Reached XP level 6. HP: 54/55 MP: 6/6
  2889 | D:4      | Found a hazy altar of Hepliaklqana.
  3082 | D:5      | Entered Level 5 of the Dungeon
  3085 | D:5      | Reached skill level 5 in Fighting
  3208 | D:5      | Found a shimmering altar of Xom.
  3211 | D:5      | Found a shimmering altar of Xom.
  3211 | D:5      | Found a shimmering altar of Xom.
  3228 | D:5      | Found a shimmering altar of Xom.
  3229 | D:5      | Found a shimmering altar of Xom.
  3475 | D:5      | Reached skill level 6 in Unarmed Combat
  3736 | D:5      | Noticed Eustachio
  3737 | D:5      | Eustachio changed into Eustachio the worm
  3737 | D:5      | Noticed Eustachio
  3743 | D:5      | Killed Eustachio the worm
  3744 | D:5      | Your scales start taking on a golden yellow colour.
  3744 | D:5      | Reached XP level 7. HP: 62/62 MP: 7/7
  3744 | D:5      | Gained mutation: You are resistant to acid. (rCorr) [Yellow
                  | Draconian growth]
  3860 | D:6      | Noticed Pikel
  3879 | D:5      | Killed Pikel
  3880 | D:5      | Reached skill level 6 in Fighting
  3880 | D:5      | Reached skill level 4 in Dodging
  3972 | D:6      | Found a staircase to the Ecumenical Temple.
  3990 | D:6      | Reached skill level 5 in Dodging
  3990 | D:6      | Reached XP level 8. HP: 70/70 MP: 8/8
  4102 | Temple   | Entered the Ecumenical Temple
  4108 | Temple   | Became a worshipper of Fedhas Madash
  4129 | D:6      | Noticed Duvessa
  4129 | D:6      | Noticed Dowan
  4150 | D:6      | Duvessa changed into Duvessa the fire bat
  4150 | D:6      | Noticed Duvessa
  4155 | D:6      | Killed Duvessa the fire bat
  4156 | D:6      | Reached skill level 6 in Dodging
  4158 | D:6      | Dowan changed into Dowan the killer bee
  4158 | D:6      | Noticed Dowan
  4165 | D:6      | Killed Dowan the killer bee
  4246 | D:6      | Found a transporter.
  4271 | D:6      | You add the spells Ensorcelled Hibernation, Sticky Flame
                  | and Fire Storm to your library.
  4271 | D:6      | Got Sif Muna's Secrets of the Searing Wendigo
  4308 | D:6      | Found a transporter.
  4318 | D:6      | Noticed Blork the orc
  4326 | D:6      | Killed Blork the orc
  4327 | D:6      | Reached skill level 7 in Unarmed Combat
  4395 | D:6      | You add the spells Ignite Poison and Ignition to your
                  | library.
  4623 | D:7      | Noticed Prince Ribbit
  4639 | D:7      | Reached skill level 8 in Unarmed Combat
  4640 | D:7      | Killed Prince Ribbit
  4650 | D:7      | Reached XP level 9. HP: 75/75 MP: 9/9
  4688 | D:7      | Reached skill level 9 in Unarmed Combat
  4760 | D:7      | You pick up a book of Misfortune and begin reading...
  4760 | D:7      | You add the spells Inner Flame, Yara's Violent Unravelling
                  | and Enfeeble to your library.
  5413 | D:8      | Found a staircase to the Lair.
  5421 | D:8      | Reached * piety under Fedhas
  5429 | D:8      | Reached skill level 10 in Unarmed Combat
  5429 | D:8      | Reached skill level 1 in Invocations
  5436 | D:8      | Reached skill level 2 in Invocations
  5441 | D:8      | Reached skill level 3 in Invocations
  5487 | D:8      | Reached skill level 4 in Invocations
  5583 | D:8      | Noticed Maurice
  5587 | D:8      | Maurice changed into Maurice the basilisk
  5587 | D:8      | Noticed Maurice
  5704 | D:8      | Found a basalt altar of Yredelemnul.
  5839 | D:8      | Killed Maurice the basilisk
  5840 | D:8      | Reached skill level 5 in Invocations
  6097 | D:8      | magus.rc [v1.9.6]
  6112 | D:8      | Noticed a two-headed ogre
  6120 | D:8      | Killed a two-headed ogre
  6121 | D:8      | Reached skill level 6 in Invocations
  6121 | D:8      | Reached skill level 4 in Shapeshifting
  6183 | D:9      | Noticed a troll
  6191 | D:9      | Noticed a boulder beetle
  6192 | D:9      | Killed a troll
  6193 | D:9      | Reached XP level 10. HP: 57/83 MP: 14/14
  6227 | D:9      | Killed a boulder beetle
  6228 | D:9      | Reached skill level 5 in Shapeshifting
  6243 | D:9      | Reached ** piety under Fedhas
  6261 | D:9      | Reached skill level 6 in Shapeshifting
  6314 | D:9      | You add the spells Sting, Poisonous Vapours and Olgreb's
                  | Toxic Radiance to your library.
  6363 | D:9      | Noticed a gargoyle
  6374 | D:9      | Killed a gargoyle
  6375 | D:9      | Reached skill level 7 in Shapeshifting
  6446 | D:9      | Found Qiqaasiv's Antique Weapon Boutique.
  6472 | D:9      | Found a flagged portal.
  6522 | Bailey   | Entered a bailey
  6626 | Bailey   | Reached *** piety under Fedhas
  6742 | Bailey   | Reached skill level 8 in Shapeshifting
  6771 | Bailey   | Noticed an orc knight
  6780 | Bailey   | an orc knight changed into a culicivora
  6852 | Bailey   | Acquired 929 gold pieces
  6937 | D:9      | HP: 21/84 [poisoned by a gnoll sergeant]
  6938 | D:9      | HP: 9/84 [gnoll/+0 spear[a gnoll sergeant] (3)]
  6947 | D:9      | HP: 14/84 [gnoll/+0 spear[a gnoll sergeant] (2)]
  7072 | D:9      | Reached skill level 7 in Fighting
  7072 | D:9      | a wight comes into view. It is wielding the +7 sceptre of
                  | Torment {pain, torment}.
  7077 | D:9      | HP: 18/83 [wight/sceptre of Torment (15)]
  7079 | D:9      | Here: a wight, wielding the +7 sceptre of Torment {pain,
                  | torment} and wearing a +0 robe
  7080 | D:9      | HP: 8/124 [wight/the +7 sceptre of Torment {pain, torment}
                  | (15)]
  7202 | D:9      | Found a shimmering blue altar of Sif Muna.
  7202 | D:9      | Found a burning altar of Makhleb.
  7243 | D:9      | Reached XP level 11. HP: 91/91 MP: 15/15
  7268 | D:9      | Reached skill level 8 in Fighting
  7364 | D:9      | Found a glowing golden altar of the Shining One.
  7443 | D:9      | Found a staircase to the Orcish Mines.
  7583 | D:10     | Entered Level 10 of the Dungeon
  7628 | D:9      | Reached **** piety under Fedhas
  7634 | D:9      | Reached skill level 9 in Shapeshifting
  7700 | D:10     | Reached skill level 9 in Fighting
  7716 | D:10     | You pick up a book of Death and begin reading...
  7716 | D:10     | You add the spells Animate Dead, Haunt and Infestation to
                  | your library.
  7884 | D:10     | Noticed Psyche
  7891 | D:10     | Killed Psyche
  7892 | D:10     | Reached skill level 10 in Fighting
  8097 | D:10     | Found Gakhligo's Jewellery Emporium.
  8422 | D:10     | magus.rc [v1.9.6]
  8496 | Lair:1   | Entered Level 1 of the Lair of Beasts
  8502 | Lair:1   | Identified the staff of Beyond {rF- Will+++ Int+2 Earth}
  8519 | Lair:1   | Reached skill level 11 in Fighting
  8609 | Lair:1   | Reached skill level 10 in Shapeshifting
  8632 | Lair:1   | Reached skill level 12 in Fighting
  8786 | Lair:1   | Found a runed translucent gate.
  8786 | Lair:1   | Found a runed translucent gate.
  8786 | Lair:1   | Found a runed translucent gate.
  8791 | Lair:1   | Noticed bmj180's ghost (journeyman HuCj)
  8794 | Lair:1   | Reached skill level 13 in Fighting
  8796 | Lair:1   | Noticed a minotaur
  9026 | Lair:1   | Reached skill level 14 in Fighting
  9070 | Lair:1   | HP: 23/110 [poisoned by a cane toad]
  9475 | Lair:1   | Reached XP level 12. HP: 118/118 MP: 16/16
  9679 | Lair:1   | Reached skill level 15 in Fighting
  9849 | Lair:2   | Reached ***** piety under Fedhas
  9859 | Lair:2   | Reached skill level 16 in Fighting
 10148 | Lair:2   | Noticed a five-headed hydra
 10159 | Lair:2   | Killed a five-headed hydra
 10160 | Lair:2   | Reached skill level 17 in Fighting
 10310 | Lair:2   | Noticed a four-headed hydra
 10311 | Lair:2   | Noticed a seven-headed hydra
 10334 | Lair:2   | Killed a seven-headed hydra
 10336 | Lair:2   | Killed a four-headed hydra
 10458 | Lair:2   | Noticed an eight-headed hydra
 10473 | Lair:2   | HP: 30/127 [eight-headed hydra (9)]
 10474 | Lair:2   | Killed an eight-headed hydra
 10475 | Lair:2   | Reached skill level 18 in Fighting
 10478 | Lair:2   | HP: 23/127 [cane toad (13)]
 10479 | Lair:2   | HP: 8/127 [cane toad (15)]
 10837 | Lair:2   | Reached skill level 7 in Dodging
 10932 | Lair:2   | Noticed a seven-headed hydra
 10937 | Lair:2   | Killed a seven-headed hydra
 10938 | Lair:2   | Reached XP level 13. HP: 115/134 MP: 17/17
 10948 | Lair:2   | Identified the ring of Ofaurioc {rElec rPois rN+ Slay+3}
 10948 | Lair:2   | Noticed Harold
 10973 | Lair:2   | Harold changed into Harold the salamander
 10973 | Lair:2   | Noticed Harold
 10980 | Lair:2   | Killed Harold the salamander
 10999 | Lair:2   | Reached skill level 8 in Dodging
 11406 | Lair:2   | Reached skill level 9 in Dodging
 11737 | Lair:3   | Reached skill level 10 in Dodging
 12170 | Lair:3   | Found a hole to the Spider Nest.
 12310 | Lair:3   | Noticed Urug
 12322 | Lair:3   | Killed Urug
 12326 | Lair:3   | Reached ****** piety under Fedhas
 12327 | Lair:3   | Reached skill level 11 in Dodging
 12946 | Lair:3   | Found a staircase to the Shoals.
 12977 | Lair:3   | Reached skill level 12 in Dodging
 13260 | Lair:4   | HP: 32/134 [six-headed hydra (11)]
 13263 | Lair:4   | Gained mutation: You have acidic saliva. [Yellow Draconian
                  | growth]
 13263 | Lair:4   | Reached XP level 14. HP: 37/143 MP: 18/18
 13879 | Lair:4   | Reached skill level 11 in Shapeshifting
 14410 | Lair:5   | Entered Level 5 of the Lair of Beasts
 14554 | Lair:5   | Reached skill level 12 in Shapeshifting
 14840 | Lair:5   | HP: 35/143 [six-headed hydra (4)]
 14968 | Lair:5   | Found a runed translucent door.
 15044 | Lair:5   | Reached skill level 13 in Shapeshifting
 15112 | Lair:5   | Noticed an azure jelly
 15118 | Lair:5   | Found a staircase to the Slime Pits.
 15118 | Lair:5   | Noticed an azure jelly
 15118 | Lair:5   | Noticed an azure jelly
 15118 | Lair:5   | Noticed an azure jelly
 15467 | Lair:5   | Reached skill level 11 in Unarmed Combat
 15637 | Lair:5   | You pick up a book of Geomancy and begin reading...
 15637 | Lair:5   | You add the spells Sandblast, Passwall and Stone Arrow to
                  | your library.
 15645 | Lair:5   | Identified the staff of Youthful Indiscretion {Fly Conj}
 15652 | Lair:5   | You add the spells Arcjolt and Irradiate to your library.
 15652 | Lair:5   | Got Qiarheru's Book of Amorphous Bolts
 15960 | Orc:1    | Entered Level 1 of the Orcish Mines
 16103 | Orc:1    | Paralysed by an orc sorcerer for 4 turns
 16197 | Orc:1    | Noticed an orc warlord
 16210 | D:9      | magus.rc [v1.9.6]
 16262 | D:9      | Killed an orc warlord
 16263 | D:9      | Reached skill level 12 in Unarmed Combat
 16263 | D:9      | Reached XP level 15. HP: 145/149 MP: 19/19
 16540 | Orc:2    | Entered Level 2 of the Orcish Mines
 16670 | Orc:2    | Noticed Saint Roka
 16863 | Orc:2    | Noticed Nergalle
 16927 | Orc:2    | Found a staircase to the Elven Halls.
 16987 | Orc:2    | Killed Nergalle
 17022 | Orc:2    | HP: 31/149 [Saint Roka/divine providence (10)]
 17130 | Orc:2    | Killed Saint Roka
 17131 | Orc:2    | Reached skill level 13 in Unarmed Combat
 17482 | Orc:2    | Noticed Sonja
 17485 | Orc:2    | Sonja changed into Sonja the human
 17485 | Orc:2    | Noticed Sonja
 17498 | Orc:2    | Killed Sonja the human
 17632 | Orc:2    | Found Aclisax's General Store.
 17639 | Orc:2    | Bought a scroll of blinking for 105 gold pieces
 17639 | Orc:2    | Bought a scroll of identify for 28 gold pieces
 17639 | Orc:2    | Bought a scroll of identify for 28 gold pieces
 17670 | Orc:2    | Found Vexeoluysk's Antique Weapon Emporium.
 17688 | Orc:2    | Found Tajoedot's Book Emporium.
 17704 | Orc:2    | Found Zit Niocs's Antique Armour Emporium.
 17711 | Orc:2    | Bought a pair of glowing boots for 232 gold pieces
 17981 | D:10     | Bought a serpent talisman for 680 gold pieces
 18160 | D:11     | You pick up a book of Blasting and begin reading...
 18160 | D:11     | You add the spells Volatile Blastmotes, Fulminant Prism and
                  | Iskenderun's Mystic Blast to your library.
 18946 | D:12     | Noticed Jorgrun
 18956 | D:12     | Killed Jorgrun
 18957 | D:12     | Reached skill level 14 in Unarmed Combat
 18960 | D:12     | Noticed Lodul
 18984 | D:12     | Killed Lodul
 19277 | D:12     | Noticed Josephine
 19286 | D:12     | Killed Josephine
 19469 | D:12     | You pick up a book of Blood and begin reading...
 19469 | D:12     | You add the spells Sublimation of Blood, Wereblood and
                  | Summon Hydra to your library.
 19924 | D:13     | Found a gate to the Vaults.
 20046 | D:13     | Reached skill level 13 in Dodging
 20320 | D:14     | Noticed a fire giant
 20330 | D:14     | Paralysed by a vampire knight for 4 turns
 20334 | D:14     | HP: 21/178 [vampire knight/+3 war axe (26)]
 20336 | D:14     | HP: 1/178 [vampire knight/+3 war axe (12)]
 20508 | D:14     | Killed a fire giant
 20577 | D:14     | Identified the +6 dagger of Gravity {elec, Str+3}
 20583 | D:14     | You pick up a book of Armaments and begin reading...
 20587 | D:14     | You add the spells Summon Forest and Monstrous Menagerie to
                  | your library.
 20587 | D:14     | Got the Octavo of the Solid Comitatus
 20590 | D:14     | You add the spells Foxfire, Freeze and Summon Ice Beast to
                  | your library.
 20590 | D:14     | Got the Handbook of the Wendigo and the Discharge
 20591 | D:14     | Identified the +1 chain mail of Weightlessness {-Cast
                  | Rampage rPois rC+}
 20603 | D:14     | Identified the ring "Pyreos" {rC+ Int+3 Dex+6}
 20659 | D:14     | You pick up a book of Weapons and begin reading...
 20659 | D:14     | You add the spells Tukima's Dance and Portal Projectile to
                  | your library.
 20667 | D:14     | Reached skill level 14 in Dodging
 20724 | D:14     | You pick up a book of Death and begin reading...
 20923 | D:14     | Found a sacrificial altar of Ru.
 21313 | D:15     | Entered Level 15 of the Dungeon
 21386 | D:15     | Reached skill level 7 in Invocations
 21401 | D:15     | magus.rc [v1.9.6]
 21459 | D:15     | Found a staircase to the Depths.
 21772 | D:15     | Found a sparkling altar of Nemelex Xobeh.
 21835 | D:15     | You pick up a book of Dreams and begin reading...
 22073 | Elf:1    | Entered Level 1 of the Elven Halls
 22076 | Elf:1    | Reached XP level 16. HP: 157/157 MP: 21/21
 22088 | Orc:2    | magus.rc [v1.9.6]
 22111 | Elf:1    | HP: 37/188 [deep elf archer/arrow (15)]
 22115 | Orc:2    | Killed from afar by a deep elf knight

Vanquished Creatures
  Saint Roka (Orc:2)
  Jorgrun (D:12)
  A fire giant (D:14)
  An orc warlord (D:9)
  A stone giant (D:15)
  A vampire knight (D:14)
  Josephine (D:12)
  12 hydras
  2 catoblepae
  2 centaur warriors
  10 death yaks
  5 boulder beetles
  2 dancing weapons (D:13)
  A deep troll shaman (Lair:5)
  2 two-headed ogres
  Urug (Lair:3)
  2 tengu warriors (D:14)
  An orc high priest (Orc:1)
  2 skysharks
  A goliath frog (Lair:4)
  3 skeletal warriors (D:13)
  Lodul (D:12)
  A wizard (D:14)
  3 harpies (Lair:3)
  4 deep elf zephyrmancers
  A swamp dragon (Lair:4)
  Pikel (D:5)
  2 deep elf pyromancers (Orc:2)
  A manticore (shapeshifter) (D:14)
  4 orc knights
  An orc sorcerer (Orc:1)
  A wolf spider (Lair:3)
  3 manticores
  A salamander (Lair:2)
  5 ugly things
  An eye of devastation (Lair:2)
  A black mamba (shapeshifter) (D:14)
  8 black mambas
  3 gargoyles
  22 elephants
  A torpor snail (Lair:5)
  16 cane toads
  An unseen horror (D:11)
  Psyche (D:10)
  2 tengu conjurers (D:14)
  13 komodo dragons
  4 rime drakes
  8 trolls
  A meliai (D:14)
  A hornet (shapeshifter) (D:14)
  5 polar bears
  10 blink frogs
  10 dream sheep
  Prince Ribbit (D:7)
  A jumping spider (Lair:3)
  4 slime creatures (D:11)
  2 culicivoras
  A water elemental (D:15)
  3 vampires
  7 wyverns
  6 basilisks
  5 wraiths
  58 yaks
  A steam dragon (D:8)
  A human (Orc:2)
  A redback simulacrum (D:14)
  A fire bat (D:6)
  A swamp worm (shapeshifter) (D:11)
  11 vampire mosquitoes
  2 swamp worms (Lair:4)
  6 wargs
  2 acid dragons
  32 water moccasins
  A sky beast (D:7)
  A swamp drake (Lair:4)
  34 orc warriors
  An ice beast (D:6)
  5 black bears
  16 ogres
  8 centaurs
  31 wolves
  A kobold brigand (D:9)
  Blork the orc (D:6)
  11 bullfrogs
  A gnoll sergeant (D:9)
  3 scorpions
  4 wights (D:9)
  9 killer bees
  9 howler monkeys
  3 jellies
  11 orc priests
  3 hounds
  Natasha (thrice) (D:2)
  4 iguanas
  21 orc wizards
  5 gnolls
  19 adders
  A shadow imp (D:8)
  4 white imps
  2 ufetubi (D:5)
  3 worms
  2 dart slugs (D:1)
  72 orcs
  14 endoplasms
  6 giant cockroaches
  4 hobgoblins (D:1)
  17 kobolds
  5 quokkas
  7 ball pythons
  A bat (D:1)
  4 frilled lizards
  13 goblins
  8 rats
  A spectral orc (D:4)
705 creatures vanquished.

Vanquished Creatures (collateral kills)
  Nergalle (Orc:2)
  A skyshark (Lair:5)
  2 skeletal warriors (D:13)
  An orc sorcerer (Orc:2)
  A blink frog (Lair:5)
  4 yaks (Lair:5)
  2 water moccasins
  An orc warrior (Orc:2)
  2 orc priests (Orc:2)
  2 orcs (D:9)
  A kobold (D:9)
  A ballistomycete spore (Bailey)
19 creatures vanquished.

Vanquished Creatures (others)
  An orc wizard (Orc:1)
  An orc (Orc:1)
  A ballistomycete spore (Lair:5)
3 creatures vanquished.

Grand Total: 727 creatures vanquished

Table legend:
 A = Non-vault XP
 B = Vault XP
 C = Vault XP percentage of total XP
 D = Non-vault monster count
 E = Vault monster count
 F = Vault count percentage of total count
                 A         B        C        D         E       F
            +---------+---------+-------+---------+---------+-------
      Total |   89741 |   65583 |  42.2 |     453 |     271 |  37.4
            +---------+---------+-------+---------+---------+-------
        D:1 |      63 |       0 |   0.0 |      27 |       0 |   0.0
        D:2 |     113 |      40 |  26.1 |      16 |       4 |  20.0
        D:3 |       9 |      71 |  88.8 |       7 |      15 |  68.2
        D:4 |     150 |       4 |   2.6 |      13 |       2 |  13.3
        D:5 |     278 |     614 |  68.8 |       8 |       4 |  33.3
        D:6 |     698 |     332 |  32.2 |      13 |       3 |  18.8
        D:7 |     559 |     264 |  32.1 |       8 |       1 |  11.1
        D:8 |    1302 |     857 |  39.7 |      12 |       5 |  29.4
        D:9 |    6677 |     776 |  10.4 |      52 |      36 |  40.9
       D:10 |    3606 |     371 |   9.3 |      20 |       1 |   4.8
       D:11 |    3573 |       0 |   0.0 |      22 |       0 |   0.0
       D:12 |    2505 |    5082 |  67.0 |      11 |      15 |  57.7
       D:13 |    7038 |    3407 |  32.6 |      12 |       5 |  29.4
       D:14 |    3695 |    7222 |  66.2 |       7 |      10 |  58.8
       D:15 |    3210 |    1066 |  24.9 |      10 |       1 |   9.1
     Lair:1 |    6995 |       0 |   0.0 |      30 |       0 |   0.0
     Lair:2 |    9838 |   13177 |  57.3 |      28 |      35 |  55.6
     Lair:3 |    7834 |    6481 |  45.3 |      28 |      40 |  58.8
     Lair:4 |    7029 |    4764 |  40.4 |      22 |      10 |  31.2
     Lair:5 |   17585 |    9626 |  35.4 |      58 |      22 |  27.5
      Orc:1 |    2970 |     920 |  23.7 |      22 |       2 |   8.3
      Orc:2 |    3429 |    8438 |  71.1 |      26 |      33 |  55.9
      Elf:1 |     585 |     605 |  50.8 |       1 |       1 |  50.0
     Bailey |       0 |    1466 | 100.0 |       0 |      26 | 100.0
            +---------+---------+-------+---------+---------+-------

Skill      XL: |  1  2  3  4  5  6  7  8  9 10 11 12 13 14 15 |
---------------+----------------------------------------------+-----
Fighting       | 2 3 4 5 6 7 14 18 | 18.1
Unarmed Combat | 4 5 6 8 10 12 14 | 14.0
Dodging        | 5 6 7 12 14 | 14.0
Invocations    | 6 7 |  7.7
Shapeshifting  | 4 8 10 13 | 13.0

Action                     |  1- 3 |  4- 6 |  7- 9 | 10-12 | 13-15 | 16-18 || total
---------------------------+-------+-------+-------+-------+-------+-------++-------
  Melee: Unarmed           |    83 |   131 |   156 |   657 |  1495 |    11 ||  2533
         Tailslap          |     9 |    16 |    25 |   129 |   277 |       ||   456
         Punch             |       |     2 |    10 |    19 |       |       ||    31
         Bite              |       |       |       |       |   140 |       ||   140
         Constrict         |       |       |       |       |    62 |     3 ||    65
  Throw: Dart              |       |       |     3 |     6 |       |       ||     9
 Invoke: Wall of Briars    |       |       |       |     1 |     1 |       ||     2
         Grow Ballistomyce |       |       |       |     1 |     1 |       ||     2
         Grow Oklob        |       |       |       |       |     4 |       ||     4
Ability: Breathe Acid      |       |       |     6 |    19 |    16 |       ||    41
  Evoke: Wand              |       |     1 |     7 |    11 |    12 |       ||    31
         Phial of floods   |       |       |       |       |     1 |       ||     1
    Use: Scroll            |     1 |       |     6 |     6 |    21 |       ||    34
         Potion            |       |       |     1 |     3 |     4 |       ||     8
   Stab: Sleeping          |     1 |     3 |       |     2 |     1 |       ||     7
         Distracted        |     1 |       |       |       |     2 |       ||     3
 Armour: Skin              |    14 |    26 |    36 |   200 |   681 |     9 ||   966
  Dodge: Dodged            |    41 |    84 |    99 |   437 |  1456 |    21 ||  2138
   Form: Flux              |       |       |       |     2 |       |       ||     2
         Blade             |       |       |       |     1 |       |       ||     1
         Anaconda          |       |       |       |       |     1 |       ||     1

Illustrated notes

Table legend:
 A = Kills in this place as a percentage of kills in the entire game.
 B = Kills by you in this place as a percentage of kills by you in the entire game.
 C = Kills by friends in this place as a percentage of kills by friends in the entire game.
 D = Other kills in this place as a percentage of other kills in the entire game.
 E = Experience gained in this place as a percentage of experience gained in the entire game.
 F = Experience gained in this place divided by the number of levels of this place that you have seen.
                   A       B       C       D       E      F
               +-------+-------+-------+-------+-------+----------------------
         Total | 100.0 | 100.0 | 100.0 | 100.0 | 100.0 | 6213.0
       Dungeon |  47.0 |  47.5 |  27.8 |   0.0 |  34.5 | 3572.1
          Lair |  37.7 |  37.6 |  44.4 |   0.0 |  53.6 | 16665.8
  Orcish Mines |  11.5 |  10.9 |  27.8 | 100.0 |  10.1 | 7878.5
   Elven Halls |   0.3 |   0.3 |   0.0 |   0.0 |   0.8 | 1190.0
        Bailey |   3.6 |   3.7 |   0.0 |   0.0 |   0.9 | 1466.0
               +-------+-------+-------+-------+-------+----------------------

Table legend: (Time is in decaauts)
 A = Elapsed time spent in this place.
 B = Non-inter-level travel time spent in this place.
 C = Inter-level travel time spent in this place.
 D = Time resting spent in this place.
 E = Time spent auto-exploring this place.
 F = Levels seen in this place.
 G = Mean time per level.
                   A        B        C        D        E       F      G
               +--------+--------+--------+--------+--------+-----+--------+
         Total |  21775 |  20647 |   1128 |   2258 |  13794 |  25 |  871.0 |
       Dungeon |  12404 |  11656 |    748 |    969 |   8607 |  15 |  826.9 |
        Temple |     10 |      6 |      4 |      0 |      0 |   1 |   10.0 |
          Lair |   7255 |   6962 |    293 |    981 |   4182 |   5 | 1451.0 |
  Orcish Mines |   1717 |   1635 |     82 |    213 |    895 |   2 |  858.5 |
   Elven Halls |     18 |     18 |      0 |      0 |      0 |   1 |   18.0 |
        Bailey |    370 |    370 |      0 |     94 |    108 |   1 |  370.0 |
               +--------+--------+--------+--------+--------+-----+--------+

Top non-repeatable levels by time:
  Lair:2: 1814 daAuts
  Lair:3: 1410 daAuts
  Lair:4: 1397 daAuts
     D:9: 1378 daAuts
  Lair:1: 1332 daAuts
  Lair:5: 1301 daAuts
   Orc:2: 1126 daAuts
    D:14: 1040 daAuts
    D:10: 923 daAuts
     D:1: 895 daAuts
     D:8: 887 daAuts
    D:12: 875 daAuts
     D:5: 841 daAuts
     D:2: 835 daAuts
     D:3: 766 daAuts
